 Dungeon Crawl Stone Soup version 0.31.0-11-ge490571c62 (webtiles) character file.

Game seed: 6445117038664726916

90 monsoonserge the Cudgeller (level 4, -5/24 (38) HPs)
             Began as a Gnoll Reaver on Feb 1, 2024.
             Slain by a sky beast (6 damage)
             ... on level 4 of the Dungeon.
             The game lasted 00:06:05 (1960 turns).

monsoonserge the Cudgeller (Gnoll Reaver)           Turns: 1960, Time: 00:06:05

HP:   -5/24 (38)    AC:  5    Str: 11 (12) XL:     4   Next: 56%
MP:   11/11         EV: 11    Int: 12 (14) God:
Gold: 228           SH:  0    Dex:  8 (10) Spells: 12/13 levels left

rFire   . . .        n - +0 halberd (freeze)
rCold   . . .        (shield currently unavailable)
rNeg    . . .        g - +0 ring mail
rPois   .            (no helmet)
rElec   .            (no cloak)
rCorr   .            (no gloves)
SInv    .            (no boots)
Will    .....        (no amulet)
Stlth   +            (no ring)
HPRegen 0.24/turn    (no ring)
MPRegen 0.12/turn

%: no passive effects
@: very heavily drained, invisible
A: fangs 1, strong nose, distributed training
a: no special abilities


You were on level 4 of the Dungeon.
You visited 1 branch of the dungeon, and saw 4 of its levels.

You collected 228 gold pieces.

Inventory:

Hand Weapons
 a - a +0 mace
 m - a +0 flail
 n - a +0 halberd of freezing (weapon)
Missiles
 o - 3 poisoned darts (quivered)
Armour
 g - a +0 ring mail (worn)
Wands
 p - a wand of iceblast (6)
Scrolls
 f - a scroll of amnesia
 h - a scroll of brand weapon
 i - a scroll of identify
 j - a scroll of torment
Potions
 b - a potion of cancellation
 c - a potion of degeneration
 d - a potion of brilliance {unknown}
 e - a potion of curing
 l - a potion of magic {unknown}


   Skills:
 + Level 4.7 Fighting
 + Level 1.2 Short Blades
 + Level 1.2 Long Blades
 + Level 1.2 Axes
 + Level 6.6 Maces & Flails
 + Level 1.2 Polearms
 + Level 1.2 Staves
 + Level 1.2 Ranged Weapons
 + Level 1.2 Throwing
 + Level 1.2 Armour
 + Level 4.7 Dodging
 + Level 1.2 Stealth
 + Level 1.2 Shields
 + Level 1.2 Unarmed Combat
 + Level 5.1 Spellcasting
 + Level 5.5 Conjurations
 + Level 1.0 Hexes
 + Level 1.0 Summonings
 + Level 1.0 Necromancy
 + Level 1.0 Translocations
 + Level 1.0 Fire Magic
 + Level 1.0 Ice Magic
 + Level 1.0 Air Magic
 + Level 1.0 Earth Magic
 + Level 1.0 Alchemy
 + Level 1.3 Invocations
 + Level 1.2 Evocations
 + Level 1.1 Shapeshifting


You had 12 spell levels left.
You knew the following spells:

 Your Spells              Type           Power      Damage    Failure   Level
a - Kiss of Death         Conj/Necr      40%        2d8       12%         1

Your spell library contained the following spells:

 Spells                   Type           Power      Damage    Failure   Level
 Momentum Strike          Conj/Tloc      20%        3d8       19%         2
 Sandblast                Erth           10%        2d5       30%         1
 Summon Small Mammal      Summ           20%        N/A       30%         1
 Hailstorm                Conj/Ice       10%        3d6       36%         3
 Stone Arrow              Conj/Erth      20%        3d8       36%         3
 Call Canine Familiar     Summ           5%         N/A       67%         3
 Passwall                 Erth           5%         N/A       67%         3
 Brom's Barrelling Bould  Conj/Erth      10%        2d3       77%         4
 Summon Blazeheart Golem  Fire/Summ      5%         N/A       97%         4


Dungeon Overview and Level Annotations

Branches:
Dungeon (4/15)
 Temple: D:4-7

Altars:
Ashenzari
Fedhas
Wu Jian

Annotations:
D:3 Grinder


Innate Abilities, Weirdness & Mutations

You have very sharp teeth.
Your uncanny sense of smell can sniff out nearby items.
Your experience applies equally to all skills.


Message History

The mass of ice explodes!
The iceblast engulfs something!!
Reach: n) +0 halberd (freeze)
Press: ? - help, Dir - move target You swing at nothing.
You barely miss something. Something hits you. Something shocks you.
Something hits you. Something shocks you.
Reach: n) +0 halberd (freeze)
Press: ? - help, Dir - move target You barely miss something.
Something hits you but does no damage.
Reach: n) +0 halberd (freeze)
Press: ? - help, Dir - move target You barely miss something.
Something hits you. Something shocks you.
* * * LOW HITPOINT WARNING * * *
Something hits you but does no damage.
Unknown command.
It was a potion of cancellation.
You feel magically purged. Something hits you but does no damage.
It was a potion of degeneration.
There was something very wrong with that liquid.
You feel weakened.
You feel dopey.
You feel clumsy. Something hits you but does no damage.
It was a potion of curing.
You feel better. Something hits you but does no damage.
You miss something. Your bite misses something.
Something hits you but does no damage.
You barely miss something. Something hits you but does no damage.
You miss something.
A sky beast appears from thin air!
Reactivating autopickup.
The sky beast barely misses you.
The sky beast flickers out of sight!
Deactivating autopickup; reactivate with Ctrl-A.
Something hits you. Something shocks you.
* * * LOW HITPOINT WARNING * * *
You closely miss something. Something hits you but does no damage.
It was a potion of invisibility.
You fade into invisibility!
Something hits you but does no damage.
You barely miss something. Your bite misses something. Something hits you.
* * * LOW HITPOINT WARNING * * *
Something shocks you.
You die...

###.##### #..#
#.†.....#.#.(#
#.#.###.#.#..#
#.#.#...#.#..#
#.###'###.#..##
#.#≈≈.§≈#.#...#
#.#≈≈.≈≈#.#...#
#.+§§_..+.##..#
∆
#.#§§.≈≈#.@{..#
#§≈.≈§#####.#
###'###.....#
#.....#####
####### ∆


There were no monsters in sight!

Vanquished Creatures
  3 gnolls (D:2)
  A ribbon worm (D:3)
  2 dart slugs
  4 ball pythons
  4 bats
  8 endoplasms
  4 giant cockroaches
  3 hobgoblins (D:1)
  2 jackals (D:4)
  5 quokkas
  5 frilled lizards
  6 kobolds
  3 rats
50 creatures vanquished.

Notes
Turn   | Place    | Note
-------+----------+-------------------------------------------
     0 | D:1      | monsoonserge the Gnoll Reaver began the quest for the Orb.
     0 | D:1      | Reached XP level 1. HP: 20/20 MP: 6/6
   208 | D:1      | Reached XP level 2. HP: 18/26 MP: 7/7
   556 | D:1      | Reached skill level 5 in Spellcasting
   556 | D:1      | Reached XP level 3. HP: 31/31 MP: 7/9
   875 | D:2      | You fall into a shaft and drop 1 floor!
   884 | D:3      | Found a broken altar of Ashenzari.
   949 | D:3      | Reached skill level 1 in Invocations
  1102 | D:2      | Reached skill level 1 in Short Blades
  1102 | D:2      | Reached skill level 1 in Long Blades
  1102 | D:2      | Reached skill level 1 in Axes
  1102 | D:2      | Reached skill level 1 in Polearms
  1102 | D:2      | Reached skill level 1 in Staves
  1102 | D:2      | Reached skill level 1 in Ranged Weapons
  1102 | D:2      | Reached skill level 1 in Throwing
  1102 | D:2      | Reached skill level 1 in Armour
  1102 | D:2      | Reached skill level 1 in Stealth
  1102 | D:2      | Reached skill level 1 in Shields
  1102 | D:2      | Reached skill level 1 in Unarmed Combat
  1102 | D:2      | Reached skill level 1 in Evocations
  1106 | D:2      | Reached skill level 1 in Shapeshifting
  1106 | D:2      | Reached XP level 4. HP: 25/28 MP: 4/11
  1343 | D:2      | Reached skill level 1 in Hexes
  1343 | D:2      | Reached skill level 1 in Summonings
  1343 | D:2      | Reached skill level 1 in Necromancy
  1343 | D:2      | Reached skill level 1 in Translocations
  1343 | D:2      | Reached skill level 1 in Fire Magic
  1343 | D:2      | Reached skill level 1 in Ice Magic
  1343 | D:2      | Reached skill level 1 in Air Magic
  1343 | D:2      | Reached skill level 1 in Earth Magic
  1343 | D:2      | Reached skill level 1 in Alchemy
  1794 | D:3      | Found a blossoming altar of Fedhas.
  1872 | D:3      | Noticed Grinder
  1919 | D:4      | Found an ornate altar of the Wu Jian Council.
  1940 | D:4      | Noticed a sky beast
  1960 | D:4      | HP: 1/24 [something (2)]
  1960 | D:4      | Slain by a sky beast

Illustrated notes

Levels and vault maps discovered:
D:1:      dpeg_arrival_rooms_a, layout_basic
D:2:      layout_loops_ring
D:3:      layout_basic, evilmike_ruin_ashenzari, lemuel_crystal_altar,
          uniq_grinder
D:4:      layout_basic, kennysheep_little_box

Skill      XL: |  1  2  3  4 |
---------------+-------------+-----
Spellcasting   | 5 |  5.1
Invocations    | 1 |  1.3
Short Blades   | 1 |  1.2
Long Blades    | 1 |  1.2
Axes           | 1 |  1.2
Polearms       | 1 |  1.2
Staves         | 1 |  1.2
Ranged Weapons | 1 |  1.2
Throwing       | 1 |  1.2
Armour         | 1 |  1.2
Stealth        | 1 |  1.2
Shields        | 1 |  1.2
Unarmed Combat | 1 |  1.2
Evocations     | 1 |  1.2
Shapeshifting  | 1 |  1.1
Hexes          | 1 |  1.0
Summonings     | 1 |  1.0
Necromancy     | 1 |  1.0
Translocations | 1 |  1.0
Fire Magic     | 1 |  1.0
Ice Magic      | 1 |  1.0
Air Magic      | 1 |  1.0
Earth Magic    | 1 |  1.0
Alchemy        | 1 |  1.0
Fighting       | |  4.7
Maces & Flails | |  6.6
Dodging        | |  4.7
Conjurations   | |  5.5

Action                     |  1- 3 |  4- 6 || total
---------------------------+-------+-------++-------
  Melee: Mace              |   106 |    11 ||   117
         Bite              |    11 |     6 ||    17
         Halberd           |       |    43 ||    43
         Flail             |       |     3 ||     3
  Throw: Dart              |       |     3 ||     3
   Cast: Kiss of Death     |     3 |     1 ||     4
  Evoke: Wand              |       |     1 ||     1
    Use: Scroll            |     3 |       ||     3
         Potion            |       |     4 ||     4
 Armour: Leather armour    |     7 |       ||     7
         Ring mail         |    46 |    44 ||    90
  Dodge: Dodged            |    59 |    26 ||    85
